 Dungeon Sprint DCSS version 0.17-a0-2101-g0c122e7 (webtiles) character file.

259 tp1 the Eclecticist (level 5, -9/28 HPs)
             Began as a Deep Elf Conjurer on Oct 18, 2015.
             Mangled by a crocodile (19 damage)
             ... in the Dungeon (Sprint II: "The Violet Keep of Menkaure").
             The game lasted 00:02:57 (103 turns).

tp1 the Eclecticist (Deep Elf Conjurer)              Turns: 103, Time: 00:02:59

Health: -9/28      AC:  2    Str:  5      XL:     5   Next: 94%
Magic:  3/24       EV: 13    Int: 18 (21) God:
Gold:   243        SH:  0    Dex: 15      Spells: 4 memorised, 23 levels left

rFire  . . .     SeeInvis .     (no weapon)
rCold  . . .     Clarity  .     a - +0 robe
rNeg   . . .     SustAt   .     (no shield)
rPois  .         Gourm    .     (no helmet)
rElec  .         Spirit   .     (no cloak)
rCorr  .         Warding  .     (no gloves)
rMut   .         NoTele   +     (no boots)
MR     .....                    (no amulet)
Stlth  +.........               (no ring)
                                (no ring)

@: very slightly contaminated, not resistant to hostile enchantments, very
unstealthy
A: no striking features
a: no special abilities


You were in the Dungeon.
You were not hungry.

You visited 1 branch You collected 243 gold pieces.

Inventory:

Armour
 a - a +0 robe (worn)
Scrolls
 i - a scroll of blinking
Potions
 d - a potion of curing
 g - a potion of magic
Books
 b - a book of Conjurations

   Spells                             Type                      Level
   a - Magic Dart                     Conjuration                  1
   b - Searing Ray                    Conjuration                  2
   c - Dazzling Spray                 Conjuration/Hexes            3
   d - Fulminant Prism                Conjuration/Hexes            4
   e - Iskenderun's Mystic Blast      Conjuration                  4
   f - Iskenderun's Battlesphere      Conjuration/Charms           5
Comestibles
 c - a bread ration


   Skills:
 - Level 2.4 Dodging
 - Level 2.4 Stealth
 - Level 15.3 Spellcasting
 - Level 4.3 Conjurations
 + Level 0.0 Charms


You had 23 spell levels left.
You knew the following spells:

 Your Spells              Type           Power        Failure   Level  Hunger
a - Magic Dart            Conj           ####         1%          1    None
b - Searing Ray           Conj           ####..       1%          2    None
c - Dazzling Spray        Conj/Hex       ###.....     6%          3    None
d - Iskenderun's Battles  Conj/Chrm      ###.....     54%         5    ####...


Dungeon Overview and Level Annotations

Branches:
Dungeon (1/1)

Altars:

Shops:
D ![?%%[=:=![


Message History

Confirm with . or Enter, or press ? or * to list all spells.
The spell is very dangerous to cast!
Continue anyway?
You miscast Iskenderun's Battlesphere.
The crocodile bites you.
Casting: Iskenderun's Battlesphere
Confirm with . or Enter, or press ? or * to list all spells.
The spell is very dangerous to cast!
Continue anyway?
You conjure a globe of magical energy.
The crocodile bites you!
Casting: Iskenderun's Battlesphere
Confirm with . or Enter, or press ? or * to list all spells.
Aiming: Magic Dart
Press: ? - help, Shift-Dir - straight line, f - crocodile
Aim: a crocodile The magic dart hits the crocodile.
The crocodile is lightly wounded.
Your battlesphere fires!
The barrage of energy hits the crocodile.
The crocodile is heavily wounded.
The crocodile bites you!!
Ouch! That really hurt!
You die...

########≈≈#+++
#######≈≈≈...
......#≈≈≈≈.
.⌠....#≈≈≈≈
∩.∩...#*≈≈
.∩.∩..#≈≈
∩.∩.∩.#t# #+#
...∩.∩#@# ##.##
....∩.+≈+ +.<.+
.....∩#≈# ##.##
▓▓▓▓###≈## #'##
G######≈≈######%##
G ##≈≈≈#..##.#
#+#≈##.†.## §
#≈≈##'##≈≈≈≈
##≈≈≈≈≈≈≈≈≈§≈


You could see 2 shining eyes and a crocodile.

Vanquished Creatures
  4 brain worms (D)
4 creatures vanquished.

Vanquished Creatures (others)
  Menkaure (D)
1 creature vanquished.

Grand Total: 5 creatures vanquished

Notes
Turn   | Place    | Note
--------------------------------------------------------------
     0 | D        | tp1 the Deep Elf Conjurer began the quest for the Orb.
     0 | D        | Reached XP level 1. HP: 10/10 MP: 6/6
     1 | D        | Noticed a brain worm
     4 | D        | Noticed a brain worm
     8 | D        | Killed a brain worm
     8 | D        | Reached skill level 10 in Spellcasting
     8 | D        | Reached XP level 2. HP: 15/15 MP: 5/15
     8 | D        | Reached XP level 3. HP: 19/19 MP: 5/16
    11 | D        | Killed a brain worm
    11 | D        | Reached skill level 12 in Spellcasting
    11 | D        | Reached XP level 4. HP: 24/24 MP: 5/20
    15 | D        | Noticed a brain worm
    15 | D        | Noticed a brain worm
    27 | D        | Killed a brain worm
    27 | D        | Reached skill level 14 in Spellcasting
    27 | D        | Reached XP level 5. HP: 15/28 MP: 3/23
    31 | D        | Killed Menkaure
    37 | D        | Killed a brain worm
    37 | D        | Reached skill level 15 in Spellcasting
    43 | D        | Learned a level 2 spell: Searing Ray
    47 | D        | Learned a level 3 spell: Dazzling Spray
    53 | D        | Learned a level 5 spell: Iskenderun's Battlesphere
    86 | D        | Noticed a lava snake
    87 | D        | Noticed a lava snake
    87 | D        | Noticed a lava snake
    88 | D        | Noticed a lava snake
    89 | D        | Found Doocs's Antique Armour Shop.
    91 | D        | Found Rewoobry's Distillery.
    92 | D        | Found Omoet's Jewellery Boutique.
    92 | D        | Found Quvezin's Jewellery Shop.
    92 | D        | Found Ykeqaita's Book Shop.
    93 | D        | Found Wezop's Food Boutique.
    93 | D        | Found Giasmoor's Antique Armour Boutique.
    94 | D        | Found Ujudd's Magic Scroll Shop.
    94 | D        | Found Zusod's Food Shop.
    95 | D        | Found Zopte's Antique Armour Shop.
    95 | D        | Found Yhanlou's Distillery.
    95 | D        | Noticed a shining eye
    98 | D        | Noticed a crocodile
    98 | D        | Noticed a shining eye
   103 | D        | Mangled by a crocodile

Vault maps used:
D:        the_violet_keep_of_menkaure

Action                   |  1- 3 |  4- 6 || total
-------------------------+-------+-------++-------
Melee: Unarmed           |     7 |     7 ||    14
 Cast: Magic Dart        |     1 |    13 ||    14
       Iskenderun's Batt |       |     1 ||     1
  Use: Potion            |     1 |     3 ||     4
